 Dungeon Crawl Stone Soup version 0.30.1-3-gfc49f6343a (webtiles) character file.

Game seed: 12155192875117378536

1035 FishyPogo the Changer (level 8, -7/57 (61) HPs)
             Began as a Grey Draconian Transmuter on July 23, 2023.
             Mangled by a wight
             ... wielding a +0 great sword
              (11 damage)
             ... on level 5 of the Dungeon.
             The game lasted 00:16:59 (3978 turns).

FishyPogo the Changer (Grey Draconian Transmuter)   Turns: 3978, Time: 00:17:00

HP:   -7/57 (61)    AC: 12    Str: 13    XL:     8   Next: 3%
MP:   12/12         EV: 12    Int: 16    God:
Gold: 128           SH:  0    Dex: 11    Spells: 4/13 levels left

rFire   . .          .
                       - Unarmed
rCold   . . .        (no shield)
rNeg    . . .        (body armour unavailable)
rPois   .            (helmet currently unavailable)
rElec   .            (no cloak)
rCorr   .            u - +0 pair of gloves
SInv    .            (boots currently unavailable)
Will    .....        l - amulet of magic regeneration
Stlth   +            (no ring)
HPRegen 0.29/turn    (no ring)
MPRegen 0.53/turn

%: no passive effects
@: appendages, drained
A: horns 2, talons 2, AC +11, amphibious, unfitting armour, cold-blooded
a: End Transformation


You were on level 5 of the Dungeon.
You had temporarily grown beastly horns and talons.
You visited 1 branch of the dungeon, and saw 5 of its levels.

You collected 128 gold pieces.

Inventory:

Hand Weapons
 a - a +2 falchion of electrocution
Missiles
 e - 54 stones
 h - 5 atropa-tipped darts
 i - 9 poisoned darts
 j - 3 javelins
 p - 3 curare-tipped darts
Armour
 u - a +0 pair of gloves (worn)
Jewellery
 l - an amulet of magic regeneration (around neck)
 w - a ring of fire
Wands
 m - a wand of roots (12)
 y - a wand of polymorph (9)
Scrolls
 b - a scroll of noise {unknown}
 c - a scroll of fear {unknown}
 d - a scroll of fog {unknown}
 k - a scroll of amnesia {unknown}
 q - a scroll of vulnerability {unknown}
 r - a scroll of brand weapon {unknown}
 t - a scroll of identify {unknown}
 x - a scroll of torment {unknown}
Potions
 f - a potion of curing
 g - a potion of degeneration {unknown}
 n - a potion of invisibility {unknown}
 o - 3 potions of magic {unknown}
 s - 2 potions of attraction {unknown}
 v - a potion of lignification


   Skills:
 - Level 2.0 Fighting
 - Level 2.0 Dodging
 - Level 5.0 Unarmed Combat
 - Level 3.0 Spellcasting
 + Level 3.4 Summonings
 * Level 7.1 Transmutations


You had 4 spell levels left.
You knew the following spells:

 Your Spells              Type           Power      Damage    Failure   Level
a - Beastly Appendage     Tmut           50%        N/A       1%          1
b - Wereblood             Tmut           25%        N/A       1%          2
c - Spider Form           Tmut/Pois      13%        N/A       13%         3
d - Call Canine Familiar  Summ           13%        N/A       14%         3

Your spell library contained the following spells:

 Spells                   Type           Power      Damage    Failure   Level
 Ice Form                 Ice/Tmut       13%        N/A       41%         4
 Portal Projectile        Hex/Tloc       4%         N/A       50%         3
 Leda's Liquefaction      Hex/Erth       1%         N/A       88%         4
 Conjure Ball Lightning   Conj/Air       1%         3x3d6     100%        6
 Discord                  Hex            1%         N/A       100%        8
 Disjunction              Tloc           1%         N/A       100%        8


Dungeon Overview and Level Annotations

Branches:
Dungeon (5/15)
 Temple: D:4-7

Altars:
Kikubaaqudgha
Uskayaw
Vehumet

Annotations:
D:4 1 runed translucent door, Crazy Yiuf


Innate Abilities, Weirdness & Mutations

You have temporarily grown beastly horns and talons.
Your dull iron-grey scales are very hard. (AC +11)
You are amphibious.
You cannot fit into any form of body armour.
You are cold-blooded and may be slowed by cold attacks.


Message History

Your hound barely misses the wight.
The wight hits you with a +1 mace!
You hit the wight. You claw the wight. You headbutt the wight.
You destroy the wight!
Your hound bites the wight but does no damage. x2
Your life force feels restored.
You have reached level 8!
You feel stronger.
You hit the wight but do no damage. Your headbutt misses the wight.
The wight hits you with a +0 great sword!
You feel drained.
* * * LOW HITPOINT WARNING * * *
Your hound bites the wight but does no damage.
The wight attacks as you move away! The wight misses you.
Your hound bites the wight but does no damage.
You barely miss the wight. Your punch misses the wight.
The wight hits you with a +0 great sword.
* * * LOW HITPOINT WARNING * * *
Your hound barely misses the wight.
You feel better.
Your hound bites the wight.
The wight hits you with a +0 great sword!
* * * LOW HITPOINT WARNING * * *
You barely miss the wight. You headbutt the wight.
Your tail-slap misses the wight.
You punch the wight, but do no damage.
The wight is heavily damaged.
Your hound bites the wight but does no damage.
The wight hits you with a +0 great sword!
* * * LOW HITPOINT WARNING * * *
You feel drained.
Your hound closely misses the wight.
You feel better.
Your hound bites the wight but does no damage.
The wight hits you with a +0 great sword.
* * * LOW HITPOINT WARNING * * *
The wight attacks as you move away! The wight barely misses you.
Your hound closely misses the wight.
You barely miss the wight. Your kick misses the wight.
Your headbutt misses the wight.
The wight is heavily damaged.
Your hound closely misses the wight.
The wight hits you with a +0 great sword!
You die...

##..# #####.#
#.....# #.#####
'###### #.# ###
.#..... #.# #..
....?...
####.#####.#
....##.z
#.......##.#
#.......z
#.#####@##^#
##.....##.# #
#z##.# #.z.......
#h##.###.# . ####
#..).....#
#.#####.##.#####
#.......##...[...#
##################


You could see a wight (ally target) and a friendly hound (summoned).

Vanquished Creatures
  Eustachio (D:5)
  A centaur (D:5)
  A phantom (D:4)
  Blork the orc (D:4)
  A bullfrog (D:5)
  A scorpion (D:4)
  2 wights (D:5)
  A hound (D:5)
  4 iguanas
  A gnoll (D:2)
  8 adders
  6 worms
  4 dart slugs
  7 orcs
  5 bats
  6 endoplasms
  3 giant cockroaches
  9 goblins
  9 hobgoblins
  6 jackals
  5 quokkas
  4 ball pythons
  3 frilled lizards
  7 kobolds
  2 rats
98 creatures vanquished.

Vanquished Creatures (collateral kills)
  A centaur (D:5)
  A wight (D:5)
2 creatures vanquished.

Grand Total: 100 creatures vanquished

Notes
Turn   | Place    | Note
-------+----------+-------------------------------------------
     0 | D:1      | FishyPogo the Draconian Transmuter began the quest for the
                  | Orb.
     0 | D:1      | Reached XP level 1. HP: 16/16 MP: 3/3
    98 | D:1      | Reached XP level 2. HP: 22/23 MP: 3/5
   156 | D:1      | Learned a level 2 spell: Wereblood
   341 | D:1      | Found a faded altar of an unknown god.
   451 | D:1      | Reached XP level 3. HP: 27/29 MP: 4/6
   832 | D:2      | Reached skill level 3 in Transmutations
   943 | D:2      | Reached XP level 4. HP: 29/36 MP: 5/7
   986 | D:2      | Learned a level 3 spell: Spider Form
  1445 | D:2      | Reached skill level 4 in Transmutations
  1715 | D:3      | Noticed a +0 dagger
  1715 | D:3      | Noticed a +0 hand axe
  1715 | D:3      | Found a hide-covered altar of Uskayaw.
  1785 | D:3      | Reached XP level 5. HP: 40/41 MP: 8/8
  2184 | D:4      | Found a radiant altar of Vehumet.
  2230 | D:4      | Noticed a phantom
  2241 | D:4      | Killed a phantom
  2357 | D:4      | Reached XP level 6. HP: 43/48 MP: 9/9
  2497 | D:4      | Found a runed translucent door.
  2498 | D:4      | Noticed Crazy Yiuf
  2548 | D:4      | Noticed Blork the orc
  2566 | D:4      | Killed Blork the orc
  2567 | D:4      | Reached skill level 1 in Summonings
  2567 | D:4      | Reached skill level 5 in Transmutations
  3042 | D:5      | Entered Level 5 of the Dungeon
  3078 | D:5      | Your scales start taking on a dull iron-grey colour.
  3078 | D:5      | Reached XP level 7. HP: 53/55 MP: 11/11
  3090 | D:5      | Noticed Eustachio
  3102 | D:5      | Killed Eustachio
  3206 | D:5      | Reached skill level 5 in Unarmed Combat
  3206 | D:5      | Reached skill level 6 in Transmutations
  3532 | D:5      | Learned a level 3 spell: Call Canine Familiar
  3606 | D:5      | Found an ancient bone altar of Kikubaaqudgha.
  3966 | D:5      | Reached skill level 7 in Transmutations
  3970 | D:5      | Reached XP level 8. HP: 30/61 MP: 12/12
  3974 | D:5      | HP: 2/59 [wight/+0 great sword (10)]
  3978 | D:5      | Mangled by a wight

Illustrated notes

Levels and vault maps discovered:
D:1:      scummos_arrival_forest, layout_basic, ebering_ecumenical_altar_mist,
          hangedman_feature_mirror, grunt_decor_arrowhead,
          minmay_misc_feat_columns, minmay_close_crescents
D:2:      layout_loops_ring, kennysheep_generic_room_7
D:3:      layout_rooms, dancing_weapons_uskayaw
D:4:      layout_cave_pools, nicolae_vehumet_radiance, palyth_stone_intersect,
          uniq_crazy_yiuf_cottage, uniq_blork_the_orc
D:5:      layout_loops_corners, lemuel_coloured_pillars_altar,
          lemuel_flame_loot_1, uniq_eustachio

Skill      XL: |  1  2  3  4  5  6  7 |
---------------+----------------------+-----
Dodging        | 2 |  2.0
Fighting       | 2 |  2.0
Transmutations | 3 4 5 7 |  7.1
Unarmed Combat | 4 5 |  5.0
Summonings     | 1 3 |  3.4
Spellcasting   | 3 |  3.0

Action                     |  1- 3 |  4- 6 |  7- 9 || total
---------------------------+-------+-------+-------++-------
  Melee: Unarmed           |    84 |   221 |    61 ||   366
         Kick              |    19 |    55 |    16 ||    90
         Tailslap          |     9 |    18 |     4 ||    31
         Headbutt          |    13 |    31 |    17 ||    61
         Punch             |     2 |     4 |     4 ||    10
   Cast: Beastly Appendage |    17 |    37 |    12 ||    66
         Wereblood         |       |     3 |       ||     3
         Call Canine Famil |       |       |     8 ||     8
         Spider Form       |       |       |     1 ||     1
    Use: Potion            |     2 |       |     2 ||     4
   Stab: Sleeping          |     2 |       |       ||     2
 Armour: Skin              |    23 |    76 |    28 ||   127
  Dodge: Dodged            |    57 |   116 |    32 ||   205
